 Dungeon Crawl Stone Soup version 0.27-a0-1228-gfd60fd639a (webtiles) character file.

Game seed: 15765902450573466197

16 freelancePsychic the Magician (level 2, 0/22 HPs)
             Began as a Djinni Necromancer on June 7, 2021.
             Was a Follower of the Shining One.
             Slain by a quokka (3 damage)
             ... on level 2 of the Dungeon.
             The game lasted 00:02:19 (1004 turns).

freelancePsychic the Magician (Djinni Necromancer)  Turns: 1004, Time: 00:02:20

Health: 0/22       AC:  2    Str:  7    XL:     2   Next: 75%
Gold:   41         EV: 12    Int: 16    God:    the Shining One [*.....] SH:  0 Dex: 13

rFire    + + .     SeeInvis .   a - +0 short sword
rCold    x . .     Faith    .   (no shield)
rNeg     . . .     Spirit   .   e - +0 robe
rPois    ∞         Reflect  .   (no helmet)
rElec    .         Harm     .   (no cloak)
rCorr    .         Rampage  .   (no gloves)
Will     .....                  (boots unavailable)
Stlth    +.........             (no amulet)
HPRegen  0.07/turn              (no ring)
MPRegen  0.00/turn              (no ring)

@: flying, glowing
A: sickness immunity, fire resistance 2, cold vulnerability 1, float, innate
caster, hp casting, extra vitality 1
a: Renounce Religion


You were on level 2 of the Dungeon.
You worshipped the Shining One.
The Shining One was aware of your devotion.
You visited 1 branch of the dungeon, and saw 2 of its levels.

You collected 41 gold pieces.

Inventory:

Hand Weapons
 a - a +0 short sword (weapon)
Armour
 e - a +0 robe (worn)
Magical Staves
 b - a staff of cold
Scrolls
 c - a scroll of amnesia {unknown}
 d - a scroll of blinking {unknown}
 f - a scroll of enchant weapon {unknown}


   Skills:
 + Level 0.3 Fighting
 - Level 0.1 Short Blades
 - Level 2.1 Dodging
 - Level 1.5 Stealth
 - Level 3.7 Spellcasting


You couldn't memorise any spells.
You knew the following spells:

 Your Spells              Type           Power      Damage    Failure   Level
a - Pain                  Necr           56%        1d6       3%          1
b - Animate Skeleton      Necr           28%        N/A       3%          1
c - Vampiric Draining     Necr           7%         2d7       12%         3
d - Animate Dead          Necr           7%         N/A       36%         4
e - Agony                 Necr           14%        N/A       71%         5
Your spell library was empty.

Dungeon Overview and Level Annotations

Branches:
Dungeon (2/15)

Altars:
The Shining One


Innate Abilities, Weirdness & Mutations

You are immune to sickness and miasma.
You are immune to poison.
Your flesh is very heat resistant. (rF++)
You are vulnerable to cold. (rC-)
You float through the air rather than walking.
You learn spells naturally, not from books.
Your magical power is your life essence.
You have superior vitality. (+4 HP)


Message History

No target in view!
Found a stone staircase leading up.
You see here a +0 dagger.
Found a barding.
f - a scroll labelled FAPNUT IFAF A frilled lizard comes into view.
The frilled lizard hisses angrily.
There is a stone staircase leading up here.
You fly upwards.
A quokka, an endoplasm and a goblin come into view.
The endoplasm quivers.
Found 7 boomerangs and a glowing red potion.
There is a stone staircase leading down here.
The quokka bites you. The goblin barely misses you.
The quokka barely misses you.
You fly downwards.
There is a stone staircase leading up here.
The quokka bites you. The goblin closely misses you.
The quokka closely misses you.
You hit the goblin.
The goblin is heavily wounded.
The goblin hits you with a +0 club.
You barely miss the goblin.
The goblin is heavily wounded.
The goblin hits you with a +0 club. x2
You barely miss the goblin.
The goblin is heavily wounded.
The goblin hits you with a +0 club.
You hit the goblin.
You kill the goblin!
You hit the quokka but do no damage. The quokka bites you.
* * * LOW HITPOINT WARNING * * *
You hit the quokka.
The quokka is moderately wounded.
The quokka barely misses you.
The quokka bites you but does no damage.
You barely miss the quokka.
The quokka is moderately wounded.
The quokka bites you.
You die...

#. .... #. ..# #. ##..###..
#.###########........
#............<..#
#########.....)........###
..>........####.l.......[..
#########..# ##r#####.###..
#..# #@# .# #..# #.# .#
#..# ... # [... .....
#..####...## ######.....#
##.## ...........# #.#
######.. ...


You could see a quokka and a frilled lizard.

Vanquished Creatures
  4 ball pythons (D:2)
  A bat (D:1)
  An endoplasm (D:2)
  2 goblins (D:2)
  A hobgoblin (D:1)
  A kobold (D:2)
  A frilled lizard (D:1)
  4 rats
15 creatures vanquished.

Vanquished Creatures (others)
  4 fungi
  6 plants (D:2)
  5 toadstools (D:1)
15 creatures vanquished.

Grand Total: 30 creatures vanquished

Notes
Turn   | Place    | Note
-------+----------+-------------------------------------------
     0 | D:1      | freelancePsychic the Djinni Necromancer began the quest for
                  | the Orb.
     0 | D:1      | Reached XP level 1. HP: 15/15 MP: 0/0
   317 | D:2      | Reached XP level 2. HP: 17/21 MP: 0/0
   480 | D:2      | Found a faded altar of an unknown god.
   487 | D:2      | Became a worshipper of the Shining One
   487 | D:2      | Reached * piety under the Shining One
  1004 | D:2      | Slain by a quokka

Illustrated notes

Levels and vault maps discovered:
D:1:      ebering_trefoil_3fold, layout_rooms, minmay_gold_behind_fungi
D:2:      layout_loops_ring, basic_altar,
          shapermc_ecumenical_altar_mp_ritualfount, uniq_natasha

Action                   || total
-------------------------++-------
Melee: Short sword       ||    13
       Unarmed           ||    13
       Staff             ||     7
 Cast: Pain              ||    12
Armor: Robe              ||     7
Dodge: Dodged            ||    16

Table legend: (Time is in decaauts)
 A = Elapsed time spent in this place.
 B = Non-inter-level travel time spent in this place.
 C = Inter-level travel time spent in this place.
 D = Time resting spent in this place.
 E = Time spent auto-exploring this place.
 F = Levels seen in this place.
 G = Mean time per level.
                   A        B        C        D        E       F      G
               +--------+--------+--------+--------+--------+-----+--------+
         Total |   1006 |   1000 |      6 |    475 |    370 |   2 |  503.0 |
       Dungeon |   1006 |   1000 |      6 |    475 |    370 |   2 |  503.0 |
               +--------+--------+--------+--------+--------+-----+--------+

Top non-repeatable levels by time:
     D:2: 883 daAuts
     D:1: 122 daAuts
